 Dungeon Crawl Stone Soup version 0.31-a0-851-g7ff8af7976 (webtiles) character file.

Game seed: 2990677225046946732

3661 BinkBink the Blocker (level 9, -4/82 HPs)
             Began as a Minotaur Fighter on Oct 5, 2023.
             Was a Follower of the Shining One.
             Killed from afar by an electric eel (12 damage)
             ... with a bolt of electricity
             ... in a bailey.
             The game lasted 00:09:59 (6135 turns).

BinkBink the Blocker (Minotaur Fighter)             Turns: 6135, Time: 00:09:59

Health: -4/82      AC: 15    Str: 27    XL:     9   Next: 89%
Magic:  8/8        EV: 13    Int:  5    God:    the Shining One [*.....]
Gold:   376        SH:  7    Dex: 20    Spells: 8/8 levels left

rFire   . . .        a - +0 long sword
rCold   . . .        c - +0 buckler
rNeg    . . .        B - +2 chain mail of Golden Satisfaction {+Inv}
rPois   .            (helmet restricted)
rElec   .            (no cloak)
rCorr   .            j - +0 pair of gloves
SInv    .            N - +0 pair of boots
Will    .....        (no amulet)
Stlth   x              - +6 ring of strength
HPRegen 0.33/turn    z - +6 ring of dexterity
MPRegen 0.11/turn

%: no passive effects
@: glowing
A: horns 2, retaliatory headbutt
a: Renounce Religion, Evoke Invisibility, Divine Shield


You were in a bailey.
You worshipped the Shining One.
The Shining One was aware of your devotion.
You visited 2 branches of the dungeon, and saw 8 of its levels.
You also visited: Sewer, Ossuary and Bailey.

You collected 376 gold pieces.

Inventory:

Hand Weapons
 a - a +0 long sword (weapon)
Armour
 c - a +0 buckler (worn)
 j - a +0 pair of gloves (worn)
 B - the +2 chain mail of Golden Satisfaction (worn) {+Inv}
   (You found it on level 4 of the Dungeon)

   +Inv:      It lets you turn invisible.
 M - a +0 troll leather armour {Pargi}
 N - a +0 pair of boots (worn)
Jewellery
 q - the ring of Ruedgh {rPois rC+}
   (You found it on level 2 of the Dungeon)

   [ring of poison resistance]

   rC+:       It protects you from cold.
   rPois:     It protects you from poison
 x - a +6 ring of strength (left hand)
 z - a +6 ring of dexterity (right hand)
 F - a ring of flight
 G - a ring of magical power
 Q - a ring of protection from fire
 S - a ring of see invisible
Wands
 o - a wand of polymorph (10)
 I - a wand of paralysis (9)
 O - a wand of mindburst (15)
Scrolls
 b - 2 scrolls of summoning {unknown}
 i - a scroll of enchant weapon {unknown}
 l - 2 scrolls of vulnerability {unknown}
 m - a scroll of fog {unknown}
 n - 8 scrolls of teleportation {unknown}
 r - 2 scrolls of immolation {unknown}
 s - 10 scrolls of identify {unknown}
 u - 2 scrolls of brand weapon {unknown}
 w - a scroll of torment {unknown}
 y - a scroll of enchant armour {unknown}
 A - a scroll of noise {unknown}
 C - a scroll of poison {unknown}
 H - 3 scrolls of blinking {unknown}
 J - a scroll of fear {unknown}
 P - a scroll of revelation {unknown}
Potions
 d - 3 potions of might
 e - 4 potions of attraction {unknown}
 f - 7 potions of curing
 g - 3 potions of heal wounds {unknown}
 h - 2 potions of mutation {unknown}
 k - 3 potions of enlightenment {unknown}
 p - 2 potions of haste {unknown}
 t - 2 potions of magic {unknown}
 v - 2 potions of lignification {unknown}
 D - 4 potions of brilliance {unknown}
 E - a potion of berserk rage {unknown}
 K - a potion of invisibility {unknown}
 L - a potion of ambrosia {unknown}
 R - a potion of degeneration {unknown}


   Skills:
 + Level 8.4 Fighting
 + Level 8.0 Long Blades
 + Level 8.5 Armour
 + Level 6.8 Dodging
 + Level 8.5 Shields


You had 8 spell levels left.
You didn't know any spells.
Your spell library contained the following spells:

 Spells                   Type           Power      Damage    Failure   Level
 Summon Small Mammal      Summ           0%         N/A       94%         1
 Ensorcelled Hibernation  Hex/Ice        0%         N/A       98%         2
 Jinxbite                 Hex            0%         N/A       98%         2
 Call Canine Familiar     Summ           0%         N/A       100%        3
 Summon Guardian Golem    Hex/Summ       0%         N/A       100%        3
 Anguish                  Hex/Necr       0%         N/A       100%        4


Dungeon Overview and Level Annotations

Branches:
Dungeon (7/15)             Temple (1/1) D:4           Sewer (visited)
Ossuary (visited)          Bailey (1/1)

Altars:
Ashenzari
Cheibriados
Elyvilon
Fedhas
Hepliaklqana
Nemelex Xobeh
Okawaru
Uskayaw
Xom
The Shining One

Annotations:
D:4 1 transporter, 1 runed translucent door, Crazy Yiuf


Innate Abilities, Weirdness & Mutations

You have a pair of horns on your head.
You reflexively headbutt those who attack you in melee.


Message History

You slash the electric eel!
The electric eel is severely wounded.
The electric eel shoots out a bolt of lightning at you!
The bolt of electricity misses you.
The electric eel shoots out a bolt of lightning at you!
The bolt of electricity misses you.
You closely miss the electric eel.
You headbutt the electric eel, but do no damage.
The electric eel is severely wounded.
The electric eel shoots out a bolt of lightning at you!
The bolt of electricity hits you!
You hit the electric eel.
The electric eel is severely wounded.
The electric eel shoots out a bolt of lightning at you!
The bolt of electricity hits you!
* * * LOW HITPOINT WARNING * * *
The electric eel shoots out a bolt of lightning at you!
The bolt of electricity hits you!
* * * LOW HITPOINT WARNING * * *
It was a potion of curing.
You feel better.
The electric eel shoots out a bolt of lightning at you!
The bolt of electricity hits you!
* * * LOW HITPOINT WARNING * * *
You feel better.
The electric eel shoots out a bolt of lightning at you!
The bolt of electricity misses you.
The electric eel shoots out a bolt of lightning at you!
The bolt of electricity hits you!
* * * LOW HITPOINT WARNING * * *
You feel better.
The electric eel shoots out a bolt of lightning at you!
The bolt of electricity hits you!
* * * LOW HITPOINT WARNING * * *
The electric eel shoots out a bolt of lightning at you!
The bolt of electricity hits you but does no damage.
You slash the electric eel!
You kill the electric eel!
The electric eel shoots out a bolt of lightning at you!
The bolt of electricity hits you!
You die...

#≈≈≈≈≈###
#≈≈≈≈≈~.#
######.≈≈≈≈~.#
#......≈≈≈≈~.#
###......≈≈≈≈~.#
#..............+
#∩..∩..........+
#.......@......+
###......≈S≈≈~.#
#......≈≈≈≈~.#
######.≈≈≈≈~.#
#≈≈≈≈≈~.#
#≈≈≈≈≈###
#≈≈≈≈≈# #≈≈≈≈≈#


You could see an electric eel.

Vanquished Creatures
  Maggie (D:7)
  Sigmund (D:6)
  2 water moccasins (D:6)
  Pargi (Sewer)
  An orc warrior (D:7)
  2 ice beasts
  A black bear (D:7)
  3 ogres
  A sky beast (D:7)
  A centaur (D:6)
  2 bullfrogs (D:6)
  13 scorpions
  An electric eel (Bailey)
  2 centaur zombies (Ossuary)
  5 hounds
  A gnoll bouda (D:5)
  An orc priest (D:7)
  3 jellies
  2 sleepcaps (D:4)
  6 iguanas
  9 scorpion zombies (Ossuary)
  4 orc wizards
  3 mummies (Ossuary)
  6 gnolls
  11 adders
  A shadow imp (D:4)
  2 white imps (D:7)
  An ufetubus (D:5)
  A worm (D:4)
  19 orcs
  4 bats
  5 endoplasms
  3 giant cockroaches
  8 goblins
  9 hobgoblins
  3 jackals (Sewer)
  6 kobolds
  9 quokkas
  14 ball pythons
  A frilled lizard (D:3)
  A goblin zombie (Ossuary)
  2 hobgoblin zombies (Ossuary)
  3 kobold zombies (Ossuary)
  An orc zombie (Ossuary)
  8 rats
184 creatures vanquished.

Notes
Turn   | Place    | Note
-------+----------+-------------------------------------------
     0 | D:1      | BinkBink the Minotaur Fighter began the quest for the Orb.
     0 | D:1      | Reached XP level 1. HP: 19/19 MP: 0/0
   198 | D:1      | Reached XP level 2. HP: 27/27 MP: 1/1
   292 | D:1      | Found a faded altar of an unknown god.
   472 | D:2      | Reached skill level 1 in Dodging
   475 | D:2      | Reached XP level 3. HP: 24/33 MP: 2/2
   796 | D:2      | Reached XP level 4. HP: 35/40 MP: 3/3
   983 | D:2      | Identified the ring of Ruedgh {rPois rC+}
  2121 | D:4      | Found a sand-covered staircase.
  2129 | Ossuary  | Entered an ossuary
  2143 | Ossuary  | Reached XP level 5. HP: 42/47 MP: 4/4
  2323 | Ossuary  | Reached XP level 6. HP: 55/55 MP: 5/5
  2338 | Ossuary  | Reached skill level 5 in Armour
  2381 | Ossuary  | Reached skill level 5 in Fighting
  2381 | Ossuary  | Reached skill level 5 in Shields
  2417 | Ossuary  | Reached XP level 7. HP: 51/61 MP: 6/6
  2590 | Ossuary  | Reached skill level 5 in Long Blades
  2905 | Ossuary  | Reached XP level 8. HP: 27/70 MP: 7/7
  3199 | D:4      | Found a sparkling altar of Nemelex Xobeh.
  3199 | D:4      | Found a transporter.
  3225 | D:4      | Identified the +2 chain mail of Golden Satisfaction {+Inv}
  3292 | D:4      | Found a broken altar of Ashenzari.
  3294 | D:4      | Found a staircase to the Ecumenical Temple.
  3332 | Temple   | Entered the Ecumenical Temple
  3342 | Temple   | Became a worshipper of the Shining One
  3648 | D:4      | Found a runed translucent door.
  3649 | D:4      | Noticed Crazy Yiuf
  3848 | D:5      | Entered Level 5 of the Dungeon
  4244 | D:5      | Reached skill level 5 in Dodging
  4547 | D:5      | Found an iron altar of Okawaru.
  4721 | D:5      | Found a hide-covered altar of Uskayaw.
  4890 | D:6      | Reached XP level 9. HP: 75/79 MP: 8/8
  4926 | D:6      | Found a glowing drain.
  4943 | Sewer    | Entered a sewer
  5002 | Sewer    | Noticed Pargi
  5020 | Sewer    | Killed Pargi
  5533 | D:6      | Noticed Sigmund
  5539 | D:6      | Killed Sigmund
  5893 | D:7      | Reached * piety under the Shining One
  5932 | D:7      | Noticed Maggie
  5942 | D:7      | Killed Maggie
  6079 | D:7      | Found a flagged portal.
  6112 | Bailey   | Entered a bailey
  6135 | Bailey   | Killed from afar by an electric eel

Illustrated notes

Levels and vault maps discovered:
D:1:      psy_arrival_spokes, layout_rooms, ebering_ecumenical_altar_mist
D:2:      layout_loops_ring, minmay_liquid_box
D:3:      layout_loops_ring, minmay_randomly_rotated_circles
D:4:      layout_basic, grunt_nemelex_the_gamble,
          mainiacjoe_overflow_cross_hatched,
          minmay_temple_entry_statues_fountains, nicolae_ossuary_entry_plus,
          minmay_snake_closets, uniq_crazy_yiuf_cottage
D:5:      minmay_evil_eye, layout_cave_pools, kennysheep_little_box,
          mainiacjoe_overflow_small_starburst, st_stairs_2
D:6:      layout_basic, gup_sewer_entry_pipe, uniq_sigmund
D:7:      layout_rooms, enter_bailey_6, uniq_maggie
Temple:   hellmonk_temple_flake
Bailey:   bailey_axe_of_yendor_kennysheep, bailey

Skill      XL: |  1  2  3  4  5  6  7  8  9 |
---------------+----------------------------+-----
Fighting       | 4 5 6 7 8 |  8.4
Dodging        | 1 2 3 4 5 6 |  6.8
Armour         | 4 5 6 7 8 |  8.5
Shields        | 4 5 6 7 8 |  8.5
Long Blades    | 3 4 5 6 8 |  8.0

Action                     |  1- 3 |  4- 6 |  7- 9 || total
---------------------------+-------+-------+-------++-------
  Melee: Long sword        |    75 |   122 |   362 ||   559
         Headbutt          |     7 |    26 |    85 ||   118
    Use: Potion            |       |       |     3 ||     3
 Armour: Scale mail        |    49 |    86 |    70 ||   205
         Chain mail        |       |       |   203 ||   203
  Dodge: Dodged            |    41 |    67 |   215 ||   323
  Block: Buckler           |    20 |    35 |   106 ||   161

Table legend: (Time is in decaauts)
 A = Elapsed time spent in this place.
 B = Non-inter-level travel time spent in this place.
 C = Inter-level travel time spent in this place.
 D = Time resting spent in this place.
 E = Time spent auto-exploring this place.
 F = Levels seen in this place.
 G = Mean time per level.
                   A        B        C        D        E       F      G
               +--------+--------+--------+--------+--------+-----+--------+
         Total |   6250 |   6009 |    241 |    229 |   4243 |  11 |  568.2 |
       Dungeon |   5004 |   4782 |    222 |    160 |   3511 |   7 |  714.9 |
        Temple |     20 |      1 |     19 |      0 |      0 |   1 |   20.0 |
         Sewer |    166 |    166 |      0 |      0 |     94 |   1 |  166.0 |
       Ossuary |   1035 |   1035 |      0 |     69 |    635 |   1 | 1035.0 |
        Bailey |     22 |     22 |      0 |      0 |      2 |   1 |   22.0 |
               +--------+--------+--------+--------+--------+-----+--------+

Top non-repeatable levels by time:
     D:4: 1064 daAuts
 Ossuary: 1035 daAuts
     D:6: 950 daAuts
     D:3: 799 daAuts
     D:2: 688 daAuts
     D:1: 653 daAuts
     D:5: 627 daAuts
     D:7: 220 daAuts
   Sewer: 166 daAuts
  Bailey: 22 daAuts
  Temple: 20 daAuts
